cohdb
Replays
Latest Replays
All Replays
Popular Replays
Top Player Replays
Match Explorer
How It Works
Community
CoH3 Stats
Reddit
Sign in to upload your games and track your stats! →
Sign in with Steam
Match 42977108
Unlisted
Match 42977108
Overview
Messages
Build Orders
End
Royal Engineer Section
Selects Heavy Armor Battlegroup
Royal Engineer Section
Royal Engineer Section
Vickers Machine Gun Team
Construct Field Infirmary
Vickers Machine Gun Team
Construct Section Command Post
Construct Platoon Command Post
Construct Company Command Post
Selects Engineer Detachments
Selects Forward Repair Assembly
Selects Light Vehicle Withdraw and Refit
Selects UNKNOWN (202330)
Royal Engineer Section
Crusader AA Medium Tank
Royal Engineer Section
Royal Engineer Section
Crusader II Medium Tank
Crusader II Medium Tank
ConcernedApe
OHHERRO
Ye...
Executor
0
0
Comments
sign in to comment!
No comments posted yet!